2227 views
Uploaded 2022-06-12 13:16:56
Game version 1.32.10
34:37 long 1on1 ladder game on (2)TerenasStand_LV
Saved by ReXBoA
2227 views
Uploaded 2022-06-12 13:16:56
Game version 1.32.10
34:37 long 1on1 ladder game on (2)TerenasStand_LV

91 units @ 11.8k
/ 1.2k
23 buildings @ 3.9k
/ 1.1k


| Sacrificial Skull | 1 | 50 |
| Rod of Necromancy | 12 | 1800 |
| Ritual Dagger | 1 | 125 |
| Potion of Healing | 2 | 300 |
| Potion of Mana | 3 | 600 |
| Orb of Corruption | 1 | 375 |
| Scroll of Town Portal | 3 | 1050 |
| Scroll of Healing | 2 | 500 |
| Boots of Speed | 1 | 250 |
| Potion of Lesser Invulnerability | 4 | 600 |
| Periapt of Vitality | 2 | 650 |
| Potion of Invisibility | 1 | 100 |
| total: | 33 | 6400g |
| Acolyte | 30 | 2250 | / | 0 |
| Ghoul | 34 | 4080 | / | 0 |
| Gargoyle | 3 | 525 | / | 90 |
| Obsidian Statue | 19 | 3800 | / | 665 |
| Abomination | 3 | 720 | / | 210 |
| Goblin Sapper | 2 | 430 | / | 200 |
| total: | 91 | 11805g | / | 1165w |
| Nerubian Tower | 1 | 100 | / | 20 |
| Spirit Tower | 3 | 435 | / | 120 |
| Crypt | 4 | 800 | / | 200 |
| Altar of Darkness | 1 | 180 | / | 50 |
| Ziggurat | 12 | 1800 | / | 600 |
| Tomb of Relics | 1 | 130 | / | 30 |
| Necropolis | 2 | 450 | / | 0 |
| Graveyard | 1 | 215 | / | 0 |
| Slaughterhouse | 2 | 280 | / | 270 |
| Halls of the Dead | 1 | 320 | / | 210 |
| Black Citadel | 1 | 325 | / | 230 |
| total: | 23 | 3855g | / | 1150w |
| 0:01 | Acolyte |
| 0:03 | Crypt |
| 0:07 | Altar of Darkness |
| 0:22 | Ziggurat |
| 0:31 | Acolyte |
| 0:31 | Acolyte |
| 0:31 | Acolyte |
| 0:48 | Tomb of Relics |
| 1:06 | Ghoul |
| 1:06 | Ghoul |
| 1:06 | Ghoul |
| 1:16 | Ziggurat |
| 1:28 | Ghoul |
| 1:28 | Ghoul |
| 1:36 | Acolyte |
| 1:36 | Acolyte |
| 1:48 | Ghoul |
| 2:01 | Ghoul |
| 2:11 | Sacrificial Skull |
| 2:11 | Rod of Necromancy |
| 2:14 | Frost Nova |
| 2:26 | Ghoul |
| 2:36 | Ziggurat |
| 2:51 | Dark Ritual |
| 3:24 | Necropolis |
| 3:37 | Nerubian Tower |
| 3:53 | Acolyte |
| 3:53 | Ghoul |
| 4:03 | Boots of Speed |
| 4:17 | Acolyte |
| 4:26 | Rod of Necromancy |
| 4:38 | Ritual Dagger |
| 4:43 | Acolyte |
| 4:43 | Acolyte |
| 5:02 | Acolyte |
| 5:03 | Ghoul |
| 5:11 | Acolyte |
| 5:16 | Acolyte |
| 5:44 | Ghoul |
| 5:44 | Ghoul |
| 5:55 | Ghoul |
| 5:56 | Halls of the Dead |
| 5:58 | Ziggurat |
| 6:15 | Graveyard |
| 6:31 | Ghoul |
| 7:13 | Acolyte |
| 7:27 | Acolyte |
| 7:41 | Ghoul |
| 7:41 | Ghoul |
| 7:42 | Unholy Strength |
| 7:45 | Acolyte |
| 8:16 | Acolyte |
| 8:17 | Crypt |
| 8:17 | Crypt |
| 8:19 | Frost Nova |
| 8:24 | Gargoyle |
| 8:25 | Crypt |
| 8:28 | Ziggurat |
| 8:29 | Ziggurat |
| 8:45 | Rod of Necromancy |
| 8:45 | Potion of Healing |
| 8:50 | Potion of Mana |
| 9:02 | Gargoyle |
| 9:36 | Gargoyle |
| 9:44 | Ghoul |
| 10:05 | Ghoul |
| 10:23 | Acolyte |
| 10:34 | Ghoul |
| 10:48 | Potion of Mana |
| 10:53 | Rod of Necromancy |
| 11:01 | Ziggurat |
| 11:17 | Ziggurat |
| 11:28 | Dark Ritual |
| 11:32 | Ghoul |
| 11:39 | Ziggurat |
| 11:53 | Spirit Tower |
| 11:59 | Potion of Healing |
| 12:38 | Spirit Tower |
| 12:45 | Ghoul |
| 12:46 | Acolyte |
| 13:03 | Acolyte |
| 13:10 | Acolyte |
| 13:21 | Rod of Necromancy |
| 13:51 | Death Coil |
| 13:52 | Acolyte |
| 14:21 | Acolyte |
| 14:22 | Ghoul |
| 14:24 | Frost Nova |
| 14:37 | Slaughterhouse |
| 14:42 | Black Citadel |
| 14:43 | Ghoul |
| 15:01 | Ghoul |
| 15:09 | Potion of Lesser Invulnerability |
| 15:20 | Unholy Aura |
| 15:29 | Periapt of Vitality |
| 15:31 | Scroll of Town Portal |
| 15:41 | Ghoul |
| 15:47 | Acolyte |
| 15:50 | Rod of Necromancy |
| 15:50 | Rod of Necromancy |
| 15:50 | Rod of Necromancy |
| 16:02 | Ziggurat |
| 16:09 | Obsidian Statue |
| 17:06 | Orb of Corruption |
| 17:08 | Scroll of Town Portal |
| 17:10 | Ghoul Frenzy |
| 17:10 | Ghoul |
| 17:12 | Obsidian Statue |
| 17:20 | Potion of Mana |
| 17:34 | Rod of Necromancy |
| 17:43 | Ghoul |
| 17:44 | Slaughterhouse |
| 18:20 | Ghoul |
| 18:22 | Disease Cloud |
| 18:23 | Destroyer Form |
| 18:24 | Ziggurat |
| 18:25 | Spirit Tower |
| 18:33 | Death Coil |
| 19:06 | Obsidian Statue |
| 19:06 | Ghoul |
| 19:08 | Obsidian Statue |
| 19:33 | Ghoul |
| 19:46 | Potion of Lesser Invulnerability |
| 19:46 | Scroll of Healing |
| 19:54 | Scroll of Healing |
| 19:58 | Obsidian Statue |
| 20:06 | Obsidian Statue |
| 20:08 | Unholy Armor |
| 20:09 | Ghoul |
| 20:25 | Goblin Sapper |
| 20:30 | Goblin Sapper |
| 21:24 | Scroll of Town Portal |
| 21:24 | Rod of Necromancy |
| 21:46 | Abomination |
| 22:18 | Abomination |
| 23:38 | Frost Armor |
| 23:47 | Unholy Aura |
| 24:37 | Obsidian Statue |
| 24:39 | Obsidian Statue |
| 24:54 | Ziggurat |
| 25:23 | Ghoul |
| 25:42 | Rod of Necromancy |
| 25:53 | Abomination |
| 26:11 | Potion of Lesser Invulnerability |
| 26:12 | Periapt of Vitality |
| 26:18 | Acolyte |
| 27:15 | Obsidian Statue |
| 27:17 | Obsidian Statue |
| 27:17 | Obsidian Statue |
| 27:18 | Ghoul |
| 27:22 | Necropolis |
| 28:23 | Acolyte |
| 28:26 | Acolyte |
| 28:42 | Obsidian Statue |
| 29:36 | Acolyte |
| 29:36 | Acolyte |
| 30:51 | Obsidian Statue |
| 30:51 | Obsidian Statue |
| 30:54 | Potion of Invisibility |
| 30:56 | Potion of Lesser Invulnerability |
| 31:23 | Rod of Necromancy |
| 31:53 | Acolyte |
| 31:57 | Obsidian Statue |
| 32:50 | Obsidian Statue |
| 32:58 | Obsidian Statue |
| 33:04 | Obsidian Statue |
| 33:17 | Ghoul |
| 33:47 | Obsidian Statue |
| 34:25 | Death Coil |
| Right click | 3109 |
| Select group | 2142 |
| Select | 719 |
| Build/train/purchase | 338 |
| Use ability | 203 |
| Misc. action | 145 |
| Assign group | 102 |
| Chat | 22 |
| Item give/drop | 8 |
| Esc | 4 |
64 units @ 9.7k
/ 1.4k
19 buildings @ 2.9k
/ 1.3k



| Healing Salve | 12 | 1200 |
| Lesser Clarity Potion | 12 | 840 |
| Scroll of Speed | 8 | 400 |
| Tiny Great Hall | 1 | 600 |
| Potion of Healing | 1 | 150 |
| Scroll of Town Portal | 2 | 700 |
| Scroll of Healing | 1 | 250 |
| Potion of Lesser Invulnerability | 4 | 600 |
| total: | 41 | 4740g |
| Peon | 15 | 1125 | / | 0 |
| Grunt | 7 | 1400 | / | 0 |
| Troll Headhunter | 1 | 140 | / | 20 |
| Wind Rider | 3 | 795 | / | 120 |
| Raider | 21 | 3780 | / | 840 |
| Troll Berserker | 16 | 2240 | / | 320 |
| Kodo Beast | 1 | 255 | / | 60 |
| total: | 64 | 9735g | / | 1360w |
| Watch Tower | 8 | 880 | / | 640 |
| Altar of Storms | 1 | 180 | / | 50 |
| Orc Burrow | 5 | 800 | / | 200 |
| War Mill | 1 | 205 | / | 0 |
| Barracks | 1 | 180 | / | 50 |
| Voodoo Lounge | 1 | 130 | / | 30 |
| Great Hall | 1 | 385 | / | 185 |
| Beastiary | 1 | 145 | / | 140 |
| Stronghold | 2 | 630 | / | 380 |
| Fortress | 2 | 650 | / | 380 |
| total: | 19 | 2905g | / | 1295w |
| 0:02 | Peon |
| 0:02 | Peon |
| 0:06 | Altar of Storms |
| 0:18 | Orc Burrow |
| 0:21 | Peon |
| 0:21 | Peon |
| 0:21 | Peon |
| 0:49 | War Mill |
| 0:55 | Peon |
| 0:55 | Peon |
| 1:13 | Peon |
| 1:25 | Peon |
| 1:43 | Peon |
| 2:02 | Stronghold |
| 2:06 | Feral Spirit |
| 2:13 | Barracks |
| 2:19 | Orc Burrow |
| 2:36 | Voodoo Lounge |
| 2:49 | Orc Burrow |
| 3:29 | Grunt |
| 3:29 | Grunt |
| 4:11 | Healing Salve |
| 4:11 | Lesser Clarity Potion |
| 4:12 | Scroll of Speed |
| 4:36 | Summon Lava Spawn |
| 4:41 | Berserker Strength |
| 5:15 | Fortress |
| 5:48 | Beastiary |
| 6:22 | Troll Headhunter |
| 6:54 | Wind Rider |
| 6:55 | Ensnare |
| 7:29 | Soul Burn |
| 7:56 | Healing Salve |
| 7:56 | Lesser Clarity Potion |
| 7:56 | Healing Salve |
| 7:56 | Scroll of Speed |
| 7:58 | Berserker Upgrade |
| 8:19 | Raider |
| 8:41 | Orc Burrow |
| 8:52 | War Stomp |
| 9:40 | Troll Berserker |
| 9:41 | Raider |
| 10:08 | Troll Berserker |
| 10:09 | Raider |
| 10:35 | Troll Berserker |
| 10:37 | Raider |
| 10:49 | Lesser Clarity Potion |
| 10:50 | Scroll of Speed |
| 11:16 | Chain Lighting |
| 11:46 | Troll Berserker |
| 11:46 | Raider |
| 12:19 | Troll Regeneration |
| 12:50 | Summon Lava Spawn |
| 12:50 | Summon Lava Spawn |
| 13:18 | Troll Berserker |
| 13:19 | Raider |
| 13:33 | Reinforced Defenses |
| 14:06 | Endurance Aura |
| 14:08 | Troll Berserker |
| 14:08 | Raider |
| 14:28 | Healing Salve |
| 14:28 | Lesser Clarity Potion |
| 14:28 | Scroll of Speed |
| 15:10 | Raider |
| 15:11 | Troll Berserker |
| 15:26 | Feral Spirit |
| 15:46 | Tiny Great Hall |
| 16:03 | Watch Tower |
| 16:03 | Watch Tower |
| 16:16 | Healing Salve |
| 16:16 | Lesser Clarity Potion |
| 16:16 | Scroll of Speed |
| 16:56 | Troll Berserker |
| 16:56 | Raider |
| 17:12 | Watch Tower |
| 17:26 | Healing Salve |
| 17:26 | Lesser Clarity Potion |
| 17:26 | Scroll of Speed |
| 17:30 | Raider |
| 17:30 | Troll Berserker |
| 17:38 | Potion of Lesser Invulnerability |
| 18:08 | Steel Armor |
| 18:24 | War Stomp |
| 18:47 | Grunt |
| 18:47 | Raider |
| 19:17 | Raider |
| 19:36 | Grunt |
| 19:36 | Raider |
| 19:40 | Watch Tower |
| 19:43 | Peon |
| 19:43 | Peon |
| 20:08 | Troll Berserker |
| 20:27 | Raider |
| 20:28 | Kodo Beast |
| 20:39 | Lesser Clarity Potion |
| 20:42 | Scroll of Town Portal |
| 20:43 | Lesser Clarity Potion |
| 20:47 | Grunt |
| 20:48 | Raider |
| 21:03 | Chain Lighting |
| 21:04 | Soul Burn |
| 21:08 | Peon |
| 21:08 | Peon |
| 21:32 | Troll Berserker |
| 21:35 | Scroll of Town Portal |
| 21:41 | Potion of Lesser Invulnerability |
| 21:45 | Watch Tower |
| 21:46 | Watch Tower |
| 22:29 | Peon |
| 22:37 | Orc Burrow |
| 23:10 | Raider |
| 23:25 | Troll Berserker |
| 23:25 | Raider |
| 23:55 | Endurance Aura |
| 24:22 | Raider |
| 24:23 | Troll Berserker |
| 24:26 | Healing Salve |
| 24:26 | Lesser Clarity Potion |
| 24:26 | Scroll of Speed |
| 24:28 | Healing Salve |
| 24:54 | Raider |
| 25:48 | Grunt |
| 25:52 | Watch Tower |
| 26:05 | Wind Rider |
| 27:20 | Grunt |
| 27:22 | Wind Rider |
| 27:29 | Feral Spirit |
| 27:29 | Feral Spirit |
| 27:36 | Soul Burn |
| 28:00 | Healing Salve |
| 28:00 | Lesser Clarity Potion |
| 28:00 | Scroll of Speed |
| 28:18 | Potion of Lesser Invulnerability |
| 28:27 | Healing Salve |
| 28:27 | Lesser Clarity Potion |
| 29:15 | Raider |
| 29:37 | Raider |
| 29:38 | Troll Berserker |
| 29:40 | Watch Tower |
| 29:45 | War Stomp |
| 30:11 | Troll Berserker |
| 30:48 | Healing Salve |
| 30:48 | Healing Salve |
| 31:04 | Potion of Healing |
| 31:10 | Troll Berserker |
| 31:21 | Lesser Clarity Potion |
| 33:10 | Potion of Lesser Invulnerability |
| 33:10 | Scroll of Healing |
| 34:15 | Great Hall |
| Select group | 4321 |
| Right click | 3143 |
| Select | 1613 |
| Build/train/purchase | 292 |
| Misc. action | 276 |
| Use ability | 153 |
| Assign group | 117 |
| Chat | 28 |
| Item give/drop | 10 |
| Esc | 2 |